Map: Orbital Shipyard

Players

ShiningStars - Winner!

  • Race: Zerg Zerg
  • League: Master

ILLBdA

  • Race: Protoss Protoss
  • League: Diamond

VOD

Have the link to the VOD?

Description

Time

  • Played on: Dec. 10, 2015, 9:19 a.m.
  • Length: 4:50
Show
View Real Time Build Order
Export as new Build Order

ShiningStars Zerg - Winner!

Build Orders: Pool First 

Get SALT Encoding   

  12  0:18  Spawning Pool  
  11  0:22  Drone  
  11  0:26  Drone  
  13  0:30  Drone  
  14  0:40  Overlord  
  14  1:05  Queen, Zergling x6  
  19  1:15  Drone  
  20  1:30  Hatchery  
  19  1:34  Drone  
  19  1:38  Drone  
  21  1:47  Overlord  
  21  2:07  Drone  
  22  2:14  Spine Crawler  
  21  2:17  Spine Crawler  
  20  2:27  Zergling x8  
  16  2:40  Queen  
  12  2:57  Drone  
  13  3:03  Drone  
  14  3:08  Drone  
  15  3:21  Drone  
  16  3:30  Zergling x2  
  16  3:31  Zergling x2  
  18  3:37  Zergling x2  
  19  3:47  Zergling x2  
  19  3:48  Zergling x2  
  20  3:58  Zergling x4  
  19  4:06  Drone x2  
  21  4:11  Drone  
  22  4:21  Drone x2  
  24  4:26  Drone  
  25  4:34  Drone x2  
Show
View Real Time Build Order
Export as new Build Order

ILLBdA Protoss 

Build Orders:  

Get SALT Encoding   

  12  0:01  Probe (Chrono Boost)  
  13  0:11  Probe (Chrono Boost)  
  14  0:22  Probe (Chrono Boost)  
  15  0:35  Pylon  
  15  0:53  Gateway  
  15  0:54  Gateway  
  15  0:56  Gateway  
  15  1:07  Gateway  
  15  1:25  Pylon  
  15  1:43  Zealot (Chrono Boost)  
  15  1:45  Zealot (Chrono Boost)  
  15  1:46  Zealot (Chrono Boost)  
  23  1:54  Zealot (Chrono Boost)  
  27  2:10  Zealot (Chrono Boost)  
  27  2:12  Zealot (Chrono Boost)  
  27  2:34  Zealot (Chrono Boost)  
  22  2:51  Zealot (Chrono Boost)  
  22  2:59  Zealot (Chrono Boost)  
  22  3:09  Zealot (Chrono Boost)  
  24  3:18  Zealot (Chrono Boost)  
  26  3:28  Zealot (Chrono Boost)  
  28  3:40  Zealot (Chrono Boost)  
  30  3:58  Zealot (Chrono Boost)  
  30  3:59  Zealot (Chrono Boost)  
  28  4:09  Zealot (Chrono Boost)  
  28  4:14  Zealot (Chrono Boost)  
  30  4:31  Pylon  
Tags
 
Matchup
PvZ
Opening
Pool First
Replay Pack
me
Add a new tag
Caveats
  • Supply blocks, unpowered buildings, or Contaminate may cause inaccurate times.
  • Supply counts are checked every 10 seconds.